 Dungeon Sprint DCSS version 0.19-a0-1654-g9d3f708 (webtiles) character file.

107 George the Slasher (level 4, -1/44 HPs)
             Began as a Minotaur Fighter on Sept 20, 2016.
             Was an Initiate of Makhleb.
             Slain by a wyvern (6 damage)
             ... in the Dungeon (Sprint IX: "|||||||||||||||||||||||||||||").
             The game lasted 00:01:03 (305 turns).

George the Slasher (Minotaur Fighter)                Turns: 305, Time: 00:01:04

Health: -1/44      AC: 15    Str: 20    XL:     4   Next: 56%
Magic:  3/3        EV:  4    Int:  5    God:    Makhleb [......]
Gold:   0          SH: 10    Dex: 14    Spells: 0 memorised, 3 levels left

rFire  . . .     SeeInvis .     q - +2 scimitar (flame)
rCold  . . .     Gourm    .     l - +0 plate armour
rNeg   . . .     Faith    .     c - +0 shield
rPois  .         Spirit   .     (helmet restricted)
rElec  .         Dismiss  .     (no cloak)
rCorr  .         Reflect  .     a - +0 pair of gloves
MR     .....     Harm     .     (no boots)
Stlth  .......... NoTele   +    (no amulet)
                                r - +2 ring of protection
                                b - +3 ring of dexterity

@: very slightly contaminated, invisible
A: retaliatory headbutt, horns 2
a: Renounce Religion


You were in the Dungeon.
You worshipped Makhleb.
Makhleb was noncommittal.
You were not hungry.

You visited 1 branch

Inventory:

Hand Weapons
 q - a +2 scimitar of flaming (weapon)
Armour
 a - a +0 pair of gloves (worn)
 c - a +0 shield (worn)
 l - a +0 plate armour (worn)
Jewellery
 b - a +3 ring of dexterity (left hand)
 r - a +2 ring of protection (right hand)
Wands
 p - a wand of acid (7/15)
Scrolls
 k - 2 scrolls of blinking
 n - 3 scrolls of remove curse
 o - 2 scrolls of amnesia
Potions
 d - a potion of might
 e - 5 potions of curing
 g - 3 potions of heal wounds
 h - a potion of haste
 i - 4 potions of magic
 j - a potion of berserk rage
Comestibles
 f - a bread ration


   Skills:
 + Level 6.0 Fighting
 * Level 7.3 Long Blades
 + Level 6.0 Armour
 + Level 6.1 Shields


You had 3 spell levels left.
You didn't know any spells.

Dungeon Overview and Level Annotations

Branches:
Dungeon (1/1)

Altars:
Cheibriados
Dithmenos
Elyvilon
Fedhas
Gozag
Hepliaklqana
Kikubaaqudgha
Makhleb
Nemelex Xobeh
Okawaru
Qazlal
Ru
Sif Muna
Trog
Uskayaw
Vehumet
Xom
Yredelemnul
Zin
The Shining One
Beogh
Jiyva
Lugonu


Innate Abilities, Weirdness & Mutations

You reflexively headbutt those who attack you in melee.
You have a pair of horns on your head.


Message History

You barely miss the wyvern.
The wyvern is lightly wounded.
The wyvern bites you! The wyvern bites you.
* * * LOW HITPOINT WARNING * * *
You fade into invisibility!
The wyvern bites you but does no damage.
You are very lightly contaminated with residual magic.
You closely miss the wyvern.
The wyvern is lightly wounded.
You block the wyvern's attack.
The leopard gecko hisses menacingly.
The wyvern bites you!
* * * LOW HITPOINT WARNING * * *
You hit the wyvern. You burn the wyvern.
The wyvern is moderately wounded.
The wyvern bites you but does no damage.
You hit the wyvern. You burn the wyvern. Your headbutt misses the wyvern.
The wyvern is moderately wounded.
The wyvern bites you.
You die... ▓▓▓▓▓▓▓▓▓▓▓▓▓▓▓▓▓▓▓▓▓▓▓▓ ______.'..|).[[.@lonltY. ▓▓▓▓▓▓▓▓▓▓▓▓▓▓▓▓▓▓▓▓▓▓▓▓

You could see a yak, a crocodile, a wyvern, a necrophage, an orc wizard and a leopard gecko.

Vanquished Creatures
  A howler monkey (D)
  A jelly (D)
  A worker ant (D)
  An ooze (D)
  A leopard gecko (D)
  A bat (D)
  2 kobolds (D)
  A ball python (D)
  A frilled lizard (D)
10 creatures vanquished.

Notes
Turn   | Place    | Note
-------+----------+-------------------------------------------
     0 | D        | George the Minotaur Fighter began the quest for the Orb.
     0 | D        | Reached XP level 1. HP: 19/19 MP: 0/0
    11 | D        | Reached skill level 3 in Long Blades
    22 | D        | Noticed a howler monkey
    22 | D        | Noticed a worker ant
    22 | D        | Noticed a jelly
    31 | D        | Killed a howler monkey
    31 | D        | Reached skill level 5 in Fighting
    31 | D        | Reached skill level 5 in Long Blades
    31 | D        | Reached skill level 5 in Armour
    31 | D        | Reached skill level 5 in Shields
    31 | D        | Reached XP level 2. HP: 11/29 MP: 1/1
    31 | D        | Reached XP level 3. HP: 14/36 MP: 2/2
    34 | D        | Reached skill level 6 in Long Blades
    34 | D        | Reached XP level 4. HP: 17/42 MP: 3/3
    38 | D        | Reached skill level 7 in Long Blades
   231 | D        | Found a roughly hewn altar of Beogh.
   231 | D        | Found a snail-covered altar of Cheibriados.
   231 | D        | Found a shadowy altar of Dithmenos.
   231 | D        | Found a white marble altar of Elyvilon.
   231 | D        | Found a blossoming altar of Fedhas.
   231 | D        | Found an opulent altar of Gozag.
   232 | D        | Found a hazy altar of Hepliaklqana.
   233 | D        | Found a viscous altar of Jiyva.
   234 | D        | Found an ancient bone altar of Kikubaaqudgha.
   235 | D        | Found a corrupted altar of Lugonu.
   236 | D        | Found a burning altar of Makhleb.
   237 | D        | Found a sparkling altar of Nemelex Xobeh.
   238 | D        | Found an iron altar of Okawaru.
   239 | D        | Found a stormy altar of Qazlal.
   240 | D        | Found a sacrificial altar of Ru.
   241 | D        | Found a deep blue altar of Sif Muna.
   242 | D        | Found a bloodstained altar of Trog.
   243 | D        | Found a hide-covered altar of Uskayaw.
   244 | D        | Became a worshipper of Makhleb the Destroyer
   245 | D        | Found a radiant altar of Vehumet.
   246 | D        | Found a shimmering altar of Xom.
   247 | D        | Found a basalt altar of Yredelemnul.
   248 | D        | Found a glowing silver altar of Zin.
   249 | D        | Found a glowing golden altar of the Shining One.
   297 | D        | Noticed a wyvern
   297 | D        | Noticed a necrophage
   297 | D        | Noticed a crocodile
   297 | D        | Noticed a yak
   305 | D        | Slain by a wyvern

Vault maps used:
D:        linesprint

Skill      XL: |  1  2  3  4 |
---------------+-------------+-----
Long Blades    | 5 6 7 |  7.3
Fighting       | 5 6 |  6.0
Shields        | 5 6 |  6.1
Armour         | 5 6 |  6.0

Action                   |  1- 3 |  4- 6 || total
-------------------------+-------+-------++-------
Melee: Long sword        |    28 |     5 ||    33
       Headbutt          |     4 |     2 ||     6
       Scimitar          |       |     8 ||     8
  Use: Potion            |       |     1 ||     1
Armor: Scale mail        |     8 |     1 ||     9
       Plate armour      |       |     2 ||     2
Dodge: Dodged            |     6 |     4 ||    10
Block: Shield            |    11 |     3 ||    14
